Cogmind - Beta 13 *** ADVENTURER MODE // 2024.07.07 @ 05:22:30 Player: Navi Result: Smashed by cave-in Performance ------------- Evolutions (0) 0 Regions Visited (1) 200 Robots Destroyed (14) 70 Value Destroyed (482) 482 Prototype IDs (0) 0 Alien Tech Used (0) 0 Bonus (0) 0 TOTAL SCORE: 752 Bonus ------- None Cogmind --------- Core Integrity 0/250 Matter 15/300 Energy 240/250 System Corruption 7% Temperature Cool (77) Movement Treading (160) Location -10/Materials Parts ------- > --- POWER (1) -------- Ion Engine > --- PROPULSION (2) --- Light Treads > --- UTILITY (2) ------ Small Storage Unit > --- WEAPON (2) ------- Small Laser Light Assault Rifle > --- INVENTORY (8) ---- Ion Engine High-capacity Matter Pod (0) Signal Interpreter ECM Suite Tractor Beam Grenade Launcher Mining Laser Peak State ------------ > --- POWER ------------ Ion Engine > --- PROPULSION ------- Light Treads Light Treads > --- UTILITY ---------- Small Storage Unit ECM Suite > --- WEAPON ----------- EM Pulse Gun Grenade Launcher > --- INVENTORY -------- High-capacity Matter Pod Tractor Beam [Rating: 7] Favorites ----------- Power Ion Engine Engine Ion Engine Propulsion Light Treads Treads Light Treads Utility Small Storage Unit Device Tractor Beam Storage Small Storage Unit Protection Backup Plating I Weapon Grenade Launcher Energy Gun EM Pulse Gun Ballistic Gun Light Assault Rifle Launcher Grenade Launcher Special Weapon Mining Laser Build | -11 -10 ------- Run | Yrd Mat Slots Evolved . | . . Power . | . . Propulsion . | . . Utility . | . . Weapon . | . . Parts Attached 20 | 5 15 Power 4 | 1 3 Engine 4 | 1 3 Core . | . . Reactor . | . . Propulsion 2 | 2 . Treads 2 | 2 . Leg . | . . Wheel . | . . Hover . | . . Flight . | . . Utility 6 | 1 5 Device 3 | . 3 Storage 2 | 1 1 Processor . | . . Hackware . | . . Protection 1 | . 1 Artifact . | . . Weapon 8 | 1 7 Energy Gun 3 | 1 2 Energy Cannon . | . . Ballistic Gun 1 | . 1 Ballistic Cannon . | . . Launcher 3 | . 3 Special Weapon 1 | . 1 Impact Weapon . | . . Slashing Weapon . | . . Piercing Weapon . | . . Special Melee Weapon . | . . Unidentified Prototypes . | . . Parts Lost 5 | . 5 Power 1 | . 1 Propulsion 1 | . 1 Utility 2 | . 2 Weapon 1 | . 1 Highest Loss Streak 3 | . 3 To Critical Strikes . | . . Average Slot Usage (%) 86 | . 86 Engine 10 | . 10 Treads 27 | . 27 Device 9 | . 9 Storage 14 | . 14 Protection 2 | . 2 Energy Gun 4 | . 4 Ballistic Gun 4 | . 4 Launcher 10 | . 10 Special Weapon 1 | . 1 Naked Turns . | . . Heaviest Build 17 | 12 17 Greatest Support 40 | 40 40 Greatest Overweight (x) 1 | 1 . Average Overweight (x) . | . . Largest Inventory Capacity 8 | 8 8 Average Capacity 7 | 6 7 Most Carried 7 | 5 7 Average Carried 3 | 1 3 Final Capacity 8 | 8 8 Final Carried 7 | . 7 Class Distribution -------------------- 100% | Mutant Dominant Class ---------------- Mutant | -10/Materials Resources | -11 -10 ----------- Run | Yrd Mat Matter Collected 294 | 231 63 Remotely 27 | . 27 Salvage Created 255 | . 255 Parts 19 | . 19 Haulers Intercepted . | . . Recyclers Shooed . | . . Parts Field Recycled . | . . Retrieved Matter . | . . Parts Self-Destructed . | . . Prevented . | . . Kills | -11 -10 ------- Run | Yrd Mat Combat Hostiles Destroyed 13 | . 13 Guns 3 | . 3 Cannons 1 | . 1 AOE 9 | . 9 Classes Destroyed 3 | . 3 Watcher 1 | . 1 Swarmer 3 | . 3 Grunt 10 | . 10 Best Kill Streak 4 | . 4 Combat Bots Only 4 | . 4 Max Kills in Single Turn 2 | . 2 Gunslinging . | . . Exploded 2 | . 2 Melee . | . . Uniques/NPCs Destroyed . | . . Combat | -11 -10 -------- Run | Yrd Mat Hostile Shots Fired 50 | . 50 Missed 18 | . 18 Damage Taken 893 | . 893 Core 268 | . 268 Absorbed by Shields . | . . Ignored by Resistances 109 | . 109 Regen/Repaired (Parts) 48 | . 48 Core Remaining (%) 100 | 100 . Volleys Fired 34 | . 34 Largest 2 | . 2 Hottest 100 | . 100 Shots Fired 48 | . 48 Gun 27 | . 27 Cannon . | . . Launcher 17 | . 17 Special 4 | . 4 Kinetic 20 | . 20 Thermal 5 | . 5 Explosive 17 | . 17 Electromagnetic 6 | . 6 Robot Hit Streak 11 | . 11 Robot Miss Streak 1 | . 1 Penetration Max . | . . Secondary Targets . | . . Shots Hit Robots 31 | . 31 Core Hits 26 | . 26 Critical Kills . | . . Critical Parts Destroyed . | . . Critical Strikes . | . . Melee Attacks . | . . Impact . | . . Slashing . | . . Piercing . | . . Sneak Attacks . | . . Combat Hostiles . | . . Follow-up Attacks . | . . Damage Inflicted 1178 | . 1178 Guns 142 | . 142 Cannons . | . . Explosions 964 | . 964 Melee . | . . Ramming . | . . Kinetic 77 | . 77 Thermal 82 | . 82 Explosive 964 | . 964 Electromagnetic 55 | . 55 Impact . | . . Slashing . | . . Piercing . | . . Highest Corruption 7 | . 7 Average Corruption 7 | . 7 Corruption Purged . | . . Corruption Blocked . | . . Effects 13 | . 13 Message Errors 3 | . 3 Matter Fused 2 | . 2 Heat Flow Errors 1 | . 1 Energy Discharges 1 | . 1 Data Loss (minor) 1 | . 1 Data Loss (major) 3 | . 3 Alerts 1 | . 1 Weapon Failures 1 | . 1 Overload Shots . | . . Overflow Damage 69 | . 69 Projectiles 4 | . 4 Explosions 65 | . 65 Melee . | . . Knockbacks . | . . Impact . | . . Kinetic . | . . Secondary . | . . Self-Inflicted Damage 88 | . 88 Shots 5 | . 5 Rammed . | . . Targets Rammed . | . . Kicked . | . . Crushed . | . . Highest Temperature 275 | . 275 Average Temperature 68 | . 68 Received Heat Transfer 144 | . 144 Effects 1 | . 1 Interference 1 | . 1 Siege Activations . | . . Robots Corrupted . | . . Combat Hostiles . | . . Parts Fried . | . . Impact Corruptions . | . . Robots Melted . | . . Combat Hostiles . | . . Parts Melted . | . . Heat Transferred 175 | . 175 Parts Sabotaged . | . . Parts Stolen . | . . Parts Stripped . | . . Power Chain Reactions . | . . Alert | -11 -10 ------- Run | Yrd Mat Peak Influence 421 | . 421 Initial . | . . Average 126 | . 141 Maximum Alert Level 2 | . 2 Low Security (%) 72 | 100 69 Level 1 25 | . 28 Level 2 1 | . 2 Level 3 . | . . Level 4 . | . . Level 5 . | . . High Security . | . . Max Security . | . . Squads Dispatched 3 | . 3 Investigation 3 | . 3 Extermination . | . . Reinforcement . | . . Assault . | . . Garrison . | . . Intercept . | . . Searches Triggered . | . . Construction Impeded . | . . Haulers Reinforced . | . . Active Scanning Responses . | . . Cargo Convoy Interrupts . | . . Stealth | -11 -10 --------- Run | Yrd Mat Distress Signals 1 | . 1 Communications Jammed . | . . Distress Signals . | . . Times Spotted 19 | . 19 Peak Tracking Total 4 | . 4 Tactical Retreats 1 | . 1 Traps | -11 -10 ------- Run | Yrd Mat Traps Triggered 2 | . 2 Indirectly . | . . Trap Hack Attempts . | . . Triggered . | . . Disarmed . | . . Reprogrammed . | . . Reused . | . . Traps Extracted . | . . Installed . | . . Triggered . | . . Machines | -11 -10 ---------- Run | Yrd Mat Machines Disabled 7 | . 7 Max in Single Turn 3 | . 3 Machines Repaired . | . . Machines Dismantled . | . . Machines Sabotaged . | . . Overloaded Fab Kills . | . . Hacking | -11 -10 --------- Run | Yrd Mat Machines Accessed 1 | . 1 Terminals . | . . Fabricators . | . . Repair Stations 1 | . 1 Recycling Units . | . . Scanalyzers . | . . Garrison Access . | . . Total Hacks 3 | . 3 Successful 2 | . 2 Failed 1 | . 1 Catastrophic . | . . Database Lockouts . | . . Manual . | . . Terminals . | . . Fabricators . | . . Repair Stations 3 | . 3 Recycling Units . | . . Scanalyzers . | . . Garrison Access . | . . Terminal Hacks . | . . Fabricator Hacks . | . . Repair Station Hacks 2 | . 2 Scan Component 1 | . 1 Repair 1 | . 1 Recycling Unit Hacks . | . . Scanalyzer . | . . Garrison Access Hacks . | . . Unauthorized Hacks . | . . Terminals . | . . Fabricators . | . . Repair Stations . | . . Recycling Units . | . . Scanalyzers . | . . Garrison Access . | . . Data Cores Recovered . | . . Used . | . . Hacking Detections 1 | . 1 Full Trace Events 1 | . 1 Feedback Events . | . . Feedback Blocked . | . . Robot Schematics Acquired . | . . Robots Built . | . . Authchips . | . . Time . | . . Total Robot Build Rating . | . . Part Schematics Acquired . | . . Parts Built . | . . Authchips . | . . Time . | . . Total Part Build Rating . | . . Parts Repaired 1 | . 1 Time 26 | . 26 Parts Recycled . | . . Recycled Matter . | . . Retrieved Matter . | . . Retrieved Components . | . . Parts Scanalyzed . | . . Part Schematics Acquired . | . . Parts Damaged . | . . Bothacking | -11 -10 ------------ Run | Yrd Mat Used RIF Installer . | . . Robots Hacked . | . . Non-combat . | . . Combat . | . . Robot Hacks Applied . | . . Relay Couplers Released . | . . Fabnet Peak Effective % . | . . Robots Rewired . | . . Allies Hacked . | . . Hacks Repelled . | . . Allies | -11 -10 -------- Run | Yrd Mat Total Allies . | . . Largest Group . | . . Highest-Rated Group . | . . Highest-Rated Ally . | . . Total Orders . | . . Ally Attacks . | . . Total Damage . | . . Kills . | . . Allies Corrupted . | . . Allies Melted . | . . Intel | -11 -10 ------- Run | Yrd Mat Robot Analysis Total . | . . Derelict Logs Recovered . | . . Drone Launches . | . . Drone Recoveries . | . . Exploration | -11 -10 ------------- Run | Yrd Mat Turns Passed 533 | 57 476 Spaces Moved 261 | 43 218 Core 21 | 21 . Treads 240 | 22 218 Legs . | . . Wheels . | . . Hover . | . . Flight . | . . Fastest Speed 50 | 50 160 Average Speed 151 | 107 160 Slowest Speed 160 | 160 160 Overloaded Moves . | . . Propulsion Burnouts . | . . Robots Hopped . | . . Cave-ins Triggered 2 | . 2 Exploration Rate (%) 18 | 3 34 Regions Visited 1 Branch Regions . Pre-discovered Areas . | . . Known Exits Taken . | . . Unknown Exits Taken 1 | 1 . Scrap Searched . | . . Spaces Dug 9 | . 9 Terrain Destroyed 96 | . 96 Melee . | . . Projectile 1 | . 1 AOE 95 | . 95 Terrain Rammed . | . . Walls Destroyed . | . . Machines Disabled . | . . Actions | -11 -10 --------- Run | Yrd Mat Total 343 | 54 289 Wait 8 | . 8 Move 260 | 42 218 Hop . | . . Pick Up 19 | 6 13 Fast Attach . | . . Attach 12 | 5 7 Detach 1 | . 1 Swap 8 | . 8 Drop 1 | 1 . Fire 34 | . 34 Melee . | . . Ram . | . . Kick . | . . Crush . | . . Escape Stasis . | . . Rewire . | . . Trap . | . . Miscellaneous . | . . Route ------- -11/Scrapyard -10/Materials (discovered 1 exit: [*Mat]) History --------- Turn | Location | Event 7 | -11/Scrapyard | Discovered new exit (range 14) 58 | -11/Scrapyard | Entered Materials 170 | -10/Materials | Crushed by falling debris 170 | -10/Materials | Core integrity fell below 50% 201 | -10/Materials | Lost 3 parts (1p1u1w) 310 | -10/Materials | Discovered new exit (range 13) 313 | -10/Materials | Build established: Mutant 394 | -10/Materials | Repaired Ion Engine? 535 | -10/Materials | Crushed by falling debris 535 | -10/Materials | Smashed by cave-in Last Messages --------------- 00504_ K-01 Serf collects debris. 00508_ System corrupted: Grenade Launcher failed to launch. 00509_ K-01 Serf collects debris. 00510_ G-34 Mercenary destroyed. 00511_ K-01 Serf collects debris. 00513_ U-05 Engineer lays Concrete. 00514_ K-01 Serf collects debris. 00516_ System corrupted: Heat flow error (+285). 00517_ U-05 Engineer builds a Wall. 00517_ K-01 Serf collects debris. 00518_ Destroyed Welding Torch. 00520_ K-01 Serf collects debris. 00521_ Overheating: System interference. 00521_ Grenade Launcher temporarily disabled. 00522_ Lgt. Treads destroyed. 00523_ G-47 Trooper destroyed. 00531_ R-06 Scavenger collects Aluminum Leg. 00535_ The unstable cave ceiling collapses. 00535_ Crushed by falling debris. 00535_ Backup Plating I destroyed. Map ----- +----------------------------------------------------+ | ???????????????????????????????????????????? | | ???????????????????????????????????????????? | | ???????????????????????????????????????????? | | ???????????????????????????????????????????? | | ???????????????????????????????????????????? | | ???????????????????????????????????????????? | | ???????????????????????????????????????????? | | ???????????????????????????????????????????? | | ???????????????????????????????????????????? | | ???????????????????????????????????????????? | | ???????????????????????????????????????????? | | ???????????????????????????????????????????? | | ???????????????????????????????????????????? | | ????????????????????#??????????????????????? | | ?????????????????? # ""? ?????????????????? | | ????????????????# # """ "????????????????? | | ????????????? ??# # """ "????????????????? | | ???????????? ## # ????????????????? | | ###?????????? + # ?????????????????? | | #??????????##### ##[ ?????????????????? | | #?????????##;;; #+????????????????? | | #?????????# r ?????????????????? | | #?????????# %* ##????????????????? | | #????????## w * #???????########## | | ############# %= #???????# # | | # # @######### """ # | | # "" # [ # """ # | | # "T" # [ # """ # | | ## + # ### + # | | ?# # =# ; #?# # """ # | | ?# # # # *!*=;; #?# # """ # | | ?# ### # "*!!# #?#### """ # | | ?# #] # "R"[ """ #????# # | | ?# # "T" # " # """ #????########## | | ?# # # = "" #?????????????? | | ?+ + # " # #?????????????? | | ?# # # "" # ?????????? | | ?# < # # "" # # ### ######????????? | | ?# ######## """"" # ##?#+##?????????????? | | ?#####??????# """ # ??????????????????? | | ????????????# # ""?????????????????? | | ????????????# # """"????????????????? | | ????????????######### ?????????????????? | | ????????????????????? ?????????????????? | | ?????????????????????? ??????????????????? | | ??????????????????????####?????????????????? | | | | | | | | | +----------------------------------------------------+ Best States ------------- Heat Dissipation 25 Energy Generation 10 Energy Capacity 250 Matter Stores 281 Matter Capacity 300 Sight Range 16 Terrain Scan Density 10 ECM Strength 1 Armor Coverage 80 Resistance: KI 20 Resistance: TH 20 Resistance: EX 20 Resistance: EM 20 Resistance: I 20 Resistance: S 20 Resistance: P 20 Evasion (%) 50 Recoil Reduction 2 Offensive Hacking 10 Item Schematics ----------------- None Robot Schematics ------------------ None Fabricated ------------ Nothing Alien Tech Used ----------------- None Achievements -------------- Unlikely Earthworm Challenges ------------ None Game ------ Seed LargeTargetingCarapace Manual? 0 Play Time 00:12:10 Cumulative 4.0 hours Start 2024.07.07 @ 05:06:34 End 2024.07.07 @ 05:22:30 Sessions 1 Manual Loads 0 Difficulty Adventurer Special Mode None Game No. 7 Rogue 2 Adventurer 5 Explorer 0 Win Type - Total 0 Types 0/0/0/0/0/0/0/0/0 Lore% 10 Gallery% 11 Achievement% 10 Wizard Run 0 Options --------- Layout 0 ASCII 0 Keyboard 0 Movement Mouse Keybinds 0 Fullscreen 2 Font 18/SmallcapsGlow Map View 76x50 Zoom Use 0% Tactical HUD 1 Map Filters NONE Filters NONE Steam 1 RUN: db7f3dc0-5386-46e2-a1bd-3d3bb514215c